 Dungeon Crawl Stone Soup version 0.30-a0-137-gd8773701ce (webtiles) character file.

Game seed: 4676373328968685188

27 night the Ruffian (level 2, -5/27 HPs)
             Began as a Troll Warper on Sept 23, 2022.
             Slain by Sigmund
             ... wielding a +0 scythe
              (11 damage)
             ... on level 2 of the Dungeon.
             The game lasted 00:02:12 (828 turns).

night the Ruffian (Troll Warper)                     Turns: 828, Time: 00:02:12

Health: -5/27      AC:  4    Str: 17 (18) XL:     2   Next: 93%
Magic:  3/3        EV:  9    Int:  4 (7)  God:
Gold:   45         SH:  0    Dex:  6 (9)  Spells: 4/4 levels left

rFire   . . .      SeeInvis .      - Unarmed
rCold   . . .      Faith    .    (no shield)
rNeg    . . .      Spirit   .    a - +0 robe
rPois   .          Reflect  .    (helmet restricted)
rElec   .          Harm     .    (no cloak)
rCorr   .          Rampage  .    (gloves unavailable)
Will    +....                    (boots unavailable)
Stlth   +.........               g - amulet of magic regeneration
HPRegen 0.89/turn                (no ring)
MPRegen 0.48/turn                (no ring)

@: unable to read
A: large, unfitting armour, claws 3, regeneration 1, shaggy fur 1, tough skin 1,
talons 1, dopey 1, strong-willed 1, inability to read after injury 1
a: no special abilities


You were on level 2 of the Dungeon.
You visited 1 branch of the dungeon, and saw 2 of its levels.

You collected 45 gold pieces.

Inventory:

Missiles
 c - 7 boomerangs of dispersal (quivered)
Armour
 a - a +0 robe (worn)
Jewellery
 g - an amulet of magic regeneration (around neck)
Scrolls
 b - a scroll of blinking
 e - a scroll of enchant weapon {unknown}
 i - a scroll of identify {unknown}


   Skills:
 - Level 1.5 Fighting
 - Level 0.8 Throwing
 - Level 1.9 Dodging
 * Level 2.8 Unarmed Combat
 + Level 1.5 Spellcasting
 + Level 2.4 Translocations


You had 4 spell levels left.
You didn't know any spells.
Your spell library contained the following spells:

 Spells                   Type           Power      Damage    Failure   Level
 Blink                    Tloc           4%         N/A       28%         2
 Gell's Gravitas          Tloc           2%         N/A       50%         3
 Lesser Beckoning         Tloc           2%         N/A       50%         3
 Teleport Other           Tloc           2%         N/A       50%         3
 Manifold Assault         Tloc           2%         N/A       88%         4
 Leda's Liquefaction      Hex/Erth       0%         N/A       99%         4
 Lee's Rapid Deconstruct  Erth           0%         3d5*      100%        5
 Statue Form              Tmut/Erth      0%         N/A       100%        6
 Storm Form               Tmut/Air       0%         N/A       100%        7


Dungeon Overview and Level Annotations

Branches:
Dungeon (2/15)

Altars:

Annotations:
D:2 Sigmund


Innate Abilities, Weirdness & Mutations

You are too large for most types of armour.
You have claws for hands.
Your natural rate of healing is unusually fast.
You are covered in fur. (AC +1)
You have tough skin. (AC +1)
You have sharp toenails.
You are dopey. (Int -2)
You are strong-willed. (Will+)
You occasionally lose the ability to read scrolls when taking damage.


Message History

It was a potion of lignification.
You turn into a tree.
Your +0 robe melds into your body.
Your roots penetrate the ground.
Okay, then.
You start waiting.
Your transformation is almost over.
HP restored.
You feel less wooden.
Your +0 robe unmelds from your body.
It was a potion of mutation.
You feel extremely strange.
You feel stupid.
You feel strong-willed.
You occasionally lose the ability to read scrolls when taking damage.
Your toenails lengthen and sharpen.
Sigmund shouts!
There is an open door here.
Sigmund casts a spell.
Sigmund flickers and vanishes!
Deactivating autopickup; reactivate with Ctrl-A.
No target in view!
No target in view!
You miss something. Your kick misses something.
You hear some strange, mumbled words.
A magic dart appears from out of thin air!
The magic dart hits you.
You closely miss something. Your kick misses something. Something hits you!
You completely miss something. Something hits you!
You feel threatened and lose the ability to read scrolls!
* * * LOW HITPOINT WARNING * * *
You miss something. Your claw misses something.
You can read scrolls again.
You scratch something but do no damage. Your kick misses something.
Something hits you.
You feel threatened and lose the ability to read scrolls!
* * * LOW HITPOINT WARNING * * *
You closely miss something. Something hits you but does no damage.
You barely miss something. Your kick misses something. You scratch something.
Your kick misses something.
You can read scrolls again.
Something hits you!
You feel threatened and lose the ability to read scrolls!
You die...

##.......###........#
#.........##........###
+.........+......).....
#.........##.....#†.###
##.......###..#..#..#
##.....## #..##.#..#
##...## #..##.#..#
#####'#### #........#
#.....@{.# #####<####
#.##.....# #.# #.$##.#
#.# ..... .# #.# .#....
# #.# # ##... ..# #..##
.## #.. .


There were no monsters in sight!

Vanquished Creatures
  2 dart slugs (D:1)
  4 endoplasms (D:1)
  A giant cockroach (D:1)
  2 goblins (D:1)
  2 jackals (D:1)
  4 quokkas
  2 bats (D:1)
  A kobold (D:1)
  2 rats (D:1)
20 creatures vanquished.

Notes
Turn   | Place    | Note
-------+----------+-------------------------------------------
     0 | D:1      | night the Troll Warper began the quest for the Orb.
     0 | D:1      | Reached XP level 1. HP: 19/19 MP: 1/1
   202 | D:1      | Reached XP level 2. HP: 27/27 MP: 3/3
   315 | D:1      | Found a faded altar of an unknown god.
   786 | D:2      | Noticed Sigmund
   818 | D:2      | Gained mutation: You are dopey. (Int -2) [potion of
                  | mutation]
   818 | D:2      | Gained mutation: You are strong-willed. (Will+) [potion of
                  | mutation]
   818 | D:2      | Gained mutation: You occasionally lose the ability to read
                  | scrolls when taking damage. [potion of mutation]
   818 | D:2      | Gained mutation: You have sharp toenails. [potion of
                  | mutation]
   825 | D:2      | HP: 4/27 [something (5)]
   828 | D:2      | Slain by Sigmund

Illustrated notes

Levels and vault maps discovered:
D:1:      eino_arrival_cavern_a, layout_loops_ring,
          ebering_ecumenical_altar_webs, bh_walls_and_bars
D:2:      layout_loops_corners, skrybe_limestone_x, minmay_misc_feat_doors,
          uniq_sigmund

Action                   || total
-------------------------++-------
Melee: Unarmed           ||    57
       Punch             ||     1
  Use: Potion            ||     3
Armor: Robe              ||    23
Dodge: Dodged            ||    17

Table legend: (Time is in decaauts)
 A = Elapsed time spent in this place.
 B = Non-inter-level travel time spent in this place.
 C = Inter-level travel time spent in this place.
 D = Time resting spent in this place.
 E = Time spent auto-exploring this place.
 F = Levels seen in this place.
 G = Mean time per level.
                   A        B        C        D        E       F      G
               +--------+--------+--------+--------+--------+-----+--------+
         Total |    825 |    795 |     30 |     28 |    603 |   2 |  412.5 |
       Dungeon |    825 |    795 |     30 |     28 |    603 |   2 |  412.5 |
               +--------+--------+--------+--------+--------+-----+--------+

Top non-repeatable levels by time:
     D:1: 724 daAuts
     D:2: 101 daAuts
